 Dungeon Crawl Stone Soup version 0.19.0-2-gae57169 (webtiles) character file.

67 Patchouli the Skirmisher (level 4, -1/29 HPs)
             Began as a Gargoyle Fighter on Nov 4, 2016.
             Slain by a rat (2 damage)
             ... on level 3 of the Dungeon.
             The game lasted 00:03:40 (1114 turns).

Patchouli the Skirmisher (Gargoyle Fighter)         Turns: 1114, Time: 00:03:40

Health: -1/29      AC: 14    Str: 21    XL:     4   Next: 18%
Magic:  4/4        EV:  7    Int:  8    God:
Gold:   45         SH:  9    Dex:  9    Spells: 0 memorised, 3 levels left

rFire  . . .     SeeInvis .     g - -1 morningstar (curse)
rCold  . . .     Gourm    .     h - +4 scale mail
rNeg   + . .     Faith    .     c - +0 shield
rPois  ∞         Spirit   .     (no helmet)
rElec  +         Reflect  .     (no cloak)
rCorr  .         Harm     .     (no gloves)
MR     .....                    (no boots)
Stlth  ..........               (no amulet)
                                (no ring)
                                (no ring)

@: no status effects
A: negative energy resistance 1, electricity resistance, unbreathing,
petrification resistance, rot immunity, AC +3
a: no special abilities


You were on level 3 of the Dungeon.
You were not hungry.

You visited 1 branch of the dungeon, and saw 3 of its levels.

You collected 45 gold pieces.

Inventory:

Hand Weapons
 a - a +0 flail
 g - a cursed -1 morningstar (weapon)
 l - a +0 mace of holy wrath
Armour
 b - a +0 scale mail
 c - a +0 shield (worn)
 h - a +4 scale mail (worn)
Scrolls
 e - a scroll of fog {unknown}
 i - a scroll of identify
 j - a scroll of enchant armour {unknown}
 k - a scroll of teleportation {unknown}
Potions
 d - 2 potions of might
Comestibles
 f - a bread ration
 m - 3 fruits


   Skills:
 + Level 3.8 Fighting
 * Level 3.3 Maces & Flails
 + Level 3.6 Armour
 + Level 3.7 Shields


You had 3 spell levels left.
You didn't know any spells.

Dungeon Overview and Level Annotations

Branches:
Dungeon (3/15)

Altars:


Innate Abilities, Weirdness & Mutations

You are resistant to torment.
Your stone body is resilient. (AC +3)
You are immune to poison.
You resist negative energy. (rN+)
You are resistant to electric shocks. (rElec)
You can survive without breathing.
You are immune to petrification.
You are immune to rotting.


Message History

The puff of frost hits you! You block the rat's attack.
You miss the orc wizard.
The orc wizard is moderately wounded.
The orc wizard hits you but does no damage.
The orc wizard points at you and mumbles some strange words.
The puff of flame hits you! The rat barely misses you.
You hit the orc wizard.
The orc wizard is heavily wounded.
The orc wizard hits you with a dagger. The orc wizard barely misses you.
The rat closely misses you.
You barely miss the orc wizard.
The orc wizard is heavily wounded.
The orc wizard points at you and mumbles some strange words.
The magic dart hits you! The rat bites you but does no damage.
You block the orc wizard's attack.
The orc wizard points at you and mumbles some strange words.
The puff of frost hits you!
* * * LOW HITPOINT WARNING * * *
The rat bites you.
You die...

################
#.......@o......
#.###.##r#######
#...............
#..##.........(.
#..##...........
#..##.†.........
#......#+#......
#.####.#.#......
#.# #.#.#......


You could see an orc wizard and a rat.

Vanquished Creatures
  3 gnolls (D:2)
  An adder (D:2)
  A leopard gecko (D:2)
  3 orcs
  2 giant cockroaches (D:2)
  2 goblins (D:2)
  4 hobgoblins
  3 jackals (D:2)
  A quokka (D:3)
  A bat (D:2)
  A frilled lizard (D:2)
  A kobold (D:3)
  3 rats
26 creatures vanquished.

Notes
Turn   | Place    | Note
-------+----------+-------------------------------------------
     0 | D:1      | Patchouli the Gargoyle Fighter began the quest for the Orb.
     0 | D:1      | Reached XP level 1. HP: 14/14 MP: 1/1
    66 | D:2      | Reached XP level 2. HP: 18/19 MP: 2/2
   576 | D:2      | Reached XP level 3. HP: 18/23 MP: 3/3
   733 | D:2      | HP: 1/24 [gnoll/halberd (6)]
   739 | D:2      | Reached XP level 4. HP: 1/29 MP: 4/4
  1114 | D:3      | HP: 1/29 [orc wizard/puff of frost (9)]
  1114 | D:3      | Slain by a rat

Skill      XL: |  1  2  3 |
---------------+----------+-----
Maces & Flails | 3 |  3.3
Fighting       | |  3.8
Armour         | |  3.6
Shields        | |  3.7

Action                   |  1- 3 |  4- 6 || total
-------------------------+-------+-------++-------
Melee: Flail             |    58 |       ||    58
       Morningstar       |    50 |    35 ||    85
  Use: Scroll            |     1 |       ||     1
  Eat: Chunk             |       |     1 ||     1
Armor: Scale mail        |    53 |    24 ||    77
Dodge: Dodged            |    43 |    14 ||    57
Block: Shield            |    58 |    21 ||    79
